 Dungeon Crawl Stone Soup version 0.22-a0-348-gd16d139 (webtiles) character file.

97 Gildeon the Chopper (level 4, -3/39 HPs)
             Began as a Minotaur Fighter on Apr 9, 2018.
             Slain by a gnoll (6 damage)
             ... on level 3 of the Dungeon.
             The game lasted 00:05:15 (1812 turns).

Gildeon the Chopper (Minotaur Fighter)              Turns: 1812, Time: 00:05:16

Health: -3/39      AC:  6    Str: 20 (21) XL:     4   Next: 42%
Magic:  3/3        EV:  7    Int:  3 (5)  God:
Gold:   107        SH:  9    Dex:  7 (10) Spells: 3/3 levels left

rFire    . . .     SeeInvis .   a - +2 war axe
rCold    . . .     Gourm    .   c - +0 shield
rNeg     . . .     Faith    .   b - +0 scale mail
rPois    .         Spirit   .   (helmet restricted)
rElec    .         Reflect  .   (no cloak)
rCorr    .         Harm     .   (no gloves)
MR       .....                  (no boots)
Stlth    ..........             (no amulet)
HPRegen  0.13/turn              (no ring)
MPRegen  0.08/turn              (no ring)

@: no status effects
A: retaliatory headbutt, horns 2
a: no special abilities


You were on level 3 of the Dungeon.
You were not hungry.

You visited 1 branch of the dungeon, and saw 3 of its levels.

You collected 107 gold pieces.

Inventory:

Hand Weapons
 a - a +2 war axe (weapon)
 e - a +1 flail of protection
Armour
 b - a +0 scale mail (worn)
 c - a +0 shield (worn)
Wands
 p - a wand of disintegration (16)
Scrolls
 g - a scroll of magic mapping {unknown}
 j - 2 scrolls of teleportation
 l - a scroll of remove curse
Potions
 d - a potion of might
 h - a potion of flight
 i - a potion of magic
Comestibles
 f - 4 rations
 o - 4 chunks of flesh


   Skills:
 - Level 3.6 Fighting
 + Level 5.7 Axes
 - Level 3.6 Armour
 - Level 3.6 Shields


You had 3 spell levels left.
You didn't know any spells.

Dungeon Overview and Level Annotations

Branches:
Dungeon (3/15)

Altars:


Innate Abilities, Weirdness & Mutations

You reflexively headbutt those who attack you in melee.
You have a pair of horns on your head.


Message History

* * * LOW HITPOINT WARNING * * *
It was a potion of degeneration.
There was something very wrong with that liquid.
You feel weakened.
You feel dopey.
You feel clumsy. You block the gnoll's attack.
The gnoll hits you but does no damage. You block the gnoll's attack.
The gnoll barely misses you. You furiously retaliate!
You headbutt the gnoll. You hit the gnoll.
You kill the gnoll!
You hit the gnoll but do no damage. You barely miss the gnoll.
You are no longer glowing.
The gnoll hits you but does no damage. You block the gnoll's attack. x2
Okay, then.
You closely miss the gnoll. x2; You block the gnoll's attack.
The gnoll throws a stone.
You block the stone.
Your shield prevents you from hitting the gnoll.
You headbutt the gnoll.
The gnoll is heavily wounded.
You closely miss the gnoll. The gnoll hits you.
You die...

#.. .#..#####
........#
.......)#
........#
........#
........########
......)g#......##
.###...#@.......##
###g.g........#
##..........#
#...(......#
#####...(......#
...............#
###..........##
###.<......##
#..........#


You could see 3 gnolls.

Vanquished Creatures
  A gnoll shaman (D:3)
  A gnoll (D:3)
  An adder (D:2)
  An ooze (D:2)
  A worm (D:2)
  A dart slug (D:2)
  An orc (D:3)
  5 hobgoblins
  5 jackals
  8 kobolds
  A quokka (D:2)
  A ball python (D:1)
  3 bats
  2 frilled lizards
  4 goblins
  6 rats
42 creatures vanquished.

Notes
Turn   | Place    | Note
-------+----------+-------------------------------------------
     0 | D:1      | Gildeon the Minotaur Fighter began the quest for the Orb.
     0 | D:1      | Reached XP level 1. HP: 19/19 MP: 0/0
   121 | D:1      | Reached skill level 3 in Axes
   397 | D:1      | Reached XP level 2. HP: 26/26 MP: 1/1
  1064 | D:2      | Reached skill level 4 in Axes
  1387 | D:2      | Reached XP level 3. HP: 31/31 MP: 2/2
  1532 | D:2      | Reached skill level 5 in Axes
  1805 | D:3      | Reached XP level 4. HP: 15/39 MP: 3/3
  1812 | D:3      | Slain by a gnoll

Vault maps used:
D:1:      sevenhm_arrival_forest_fort_small_4
D:2:      first_ration
D:3:      cheibriados_altar_1, chequers_ecumenical_altar_twisty

Skill      XL: |  1  2  3 |
---------------+----------+-----
Axes           | 3 4 5 |  5.7
Fighting       | |  3.6
Armour         | |  3.6
Shields        | |  3.6

Action                   |  1- 3 |  4- 6 || total
-------------------------+-------+-------++-------
Melee: War axe           |    99 |     4 ||   103
       Headbutt          |    15 |     2 ||    17
  Use: Scroll            |    10 |       ||    10
       Potion            |       |     3 ||     3
  Eat: Chunk             |     1 |       ||     1
       Ration            |     1 |       ||     1
Armor: Scale mail        |    39 |     2 ||    41
Dodge: Dodged            |    38 |     4 ||    42
Block: Shield            |    45 |    11 ||    56

Table legend:
 A = Spawn XP
 B = Non-spawn XP
 C = Spawn XP percentage of total XP
 D = Spawn monster count
 E = Non-spawn monster count
 F = Spawn count percentage of total count
 G = Total turns spent on level
                    A         B        C        D         E        F      G
               +---------+---------+-------+---------+---------+-------+---------
         Total |       0 |     139 |   0.0 |       0 |      42 |   0.0 |  1812
               +---------+---------+-------+---------+---------+-------+---------
           D:1 |       0 |      21 |   0.0 |       0 |      13 |   0.0 |  1055
           D:2 |       0 |      61 |   0.0 |       0 |      24 |   0.0 |   709
           D:3 |       0 |      57 |   0.0 |       0 |       5 |   0.0 |    48
               +---------+---------+-------+---------+---------+-------+---------
